 Dungeon Crawl Stone Soup version 0.22-a0-565-gfc6459a (webtiles) character file.

1287 Lianjan the Magician (level 8, -4/48 HPs)
             Began as a Deep Elf Fire Elementalist on June 28, 2018.
             Was an Initiate of Vehumet.
             Slain by Duvessa
             ... wielding a +5 short sword of speed
              (17 damage)
             ... on level 5 of the Dungeon.
             The game lasted 00:22:08 (6109 turns).

Lianjan the Magician (Deep Elf Fire Elementalist)   Turns: 6109, Time: 00:22:09

Health: -4/48      AC:  4    Str:  6    XL:     8   Next: 30%
Magic:  10/21      EV: 13    Int: 26    God:    Vehumet [......]
Gold:   247        SH:  0    Dex: 15    Spells: 6/22 levels left

rFire    + . .     SeeInvis .   b - -2 blowgun (curse)
rCold    . . .     Gourm    .   (no shield)
rNeg     . . .     Faith    .   r - +0 robe
rPois    .         Spirit   .   (no helmet)
rElec    .         Reflect  .   t - +0 cloak
rCorr    .         Harm     .   (no gloves)
MR       .....                  k - +0 pair of boots of Satisfaction {rF+ Int+4}
Stlth    ++........             (no amulet)
HPRegen  0.16/turn              (no ring)
MPRegen  0.17/turn              (no ring)

@: no status effects
A: no striking features
a: Renounce Religion


You were on level 5 of the Dungeon.
You worshipped Vehumet.
Vehumet was noncommittal.
You were not hungry.

You visited 2 branches of the dungeon, and saw 6 of its levels.

You collected 247 gold pieces.

Inventory:

Hand Weapons
 a - a +2 short sword of venom
 b - a cursed -2 blowgun (weapon)
 f - the +11 mace of Aroulirph {freeze, rN+ MP+9, unknown}
   (You found it on level 4 of the Dungeon)

   It has been specially enchanted to freeze those struck by it, causing extra
   injury to most foes and up to half again as much damage against particularly
   susceptible opponents.
   It can also slow down cold-blooded creatures.
   It protects you from negative energy.
   It affects your magic capacity (+9).
Missiles
 d - 18 poisoned needles (quivered)
 e - 164 stones
 x - 3 tomahawks
Armour
 g - a +1 leather armour
 k - the +0 pair of boots of Satisfaction (worn) {rF+ Int+4}
   (You found it on level 4 of the Dungeon)

   It affects your intelligence (+4).
   It protects you from fire.
 r - a +0 robe (worn)
 t - a +0 cloak (worn)
Wands
 v - a wand of acid (4)
Scrolls
 h - a scroll of teleportation
 n - a scroll of magic mapping
 q - 2 scrolls of fog
 y - a scroll of amnesia
Potions
 i - 3 potions of resistance
 j - a potion of brilliance {unknown}
 l - a potion of lignification {unknown}
 o - 2 potions of cancellation {unknown}
 p - 3 potions of flight {unknown}
 s - a potion of heal wounds {unknown}
 u - 2 potions of magic {unknown}
 w - a potion of mutation {unknown}
Comestibles
 c - 5 rations
 z - 6 chunks of flesh


   Skills:
 + Level 4.4 Fighting
 - Level 2.4 Dodging
 - Level 2.4 Stealth
 + Level 7.9 Spellcasting
 + Level 5.5 Conjurations
 - Level 5.1 Fire Magic


You had 6 spell levels left.
You knew the following spells:

 Your Spells              Type           Power        Failure   Level  Hunger
a - Flame Tongue          Conj/Fire      #####        1%          1    None
b - Conjure Flame         Conj/Fire      #####...     1%          3    None
c - Inner Flame           Hex/Fire       ###.....     6%          3    None
d - Sticky Flame          Conj/Fire      #####...     6%          4    ##.....
e - Fireball              Conj/Fire      #####.....   19%         5    ####...

Your spell library contained the following spells:

 Spells                   Type           Power        Failure   Level  Hunger
 Throw Flame              Conj/Fire      #####.       1%          2    None


Dungeon Overview and Level Annotations

Branches:
Dungeon (5/15)             Temple (1/1) D:4

Altars:
Ashenzari
Dithmenos
Elyvilon
Fedhas
Gozag
Hepliaklqana
Kikubaaqudgha
Makhleb
Nemelex Xobeh
Okawaru
Qazlal
Ru
Sif Muna
Trog
Uskayaw
Vehumet
Wu Jian
Xom
Yredelemnul
Zin
The Shining One

Shops:
D:4 %:((

Annotations:
D:5 Duvessa


Message History

Confirm with . or Enter, or press ? or * to list all spells.
Aiming: Sticky Flame (safe; 6% risk of failure)
Press: ? - help, Shift-Dir - straight line, f/p - Duvessa
Aim: Duvessa, wielding a short sword of speed and wearing a scale mail (moderately wounded, berserk, fast, unusually strong)
The sticky flame hits Duvessa.
Duvessa is heavily wounded.
Duvessa is covered in liquid flames!
Duvessa burns!
Duvessa closely misses you. Duvessa barely misses you.
Okay, then.
Okay, then.
Evoke which item? (* to show all) (? for menu, Esc to quit)
Aiming: Corrosive Bolt
Press: ? - help, Shift-Dir - straight line, f/p - Duvessa
Aim: Duvessa, wielding a short sword of speed and wearing a scale mail (heavily wounded, berserk, fast, unusually strong, covered in liquid flames)
The bolt of acid hits Duvessa.
Duvessa is splashed with acid.
The acid corrodes Duvessa!
Duvessa is severely wounded.
Duvessa burns!
Duvessa hits you with a short sword of speed!
You die...

#.......# #..## #
#.......# #...# #
#...)).## #...#
#......# ##...#
#.....## #.##.#
#.....# ####.##
#....## #..# ##...#
##e# #..## #@## #..#
#..# #### ##.## #
#..# ## #..##### ##.
##......########..
##..###...........#
##.........###....##
##...........####..#


You could see Duvessa (berserk).

Vanquished Creatures
  Pikel (D:4)
  A hippogriff (D:5)
  2 slaves (D:3)
  2 ogres
  Dowan (D:5)
  A hound (D:4)
  An orc priest (D:5)
  Crazy Yiuf (D:4)
  2 orc wizards
  A bullfrog skeleton (D:5)
  Ijyb (D:4)
  Jessica (D:3)
  Terence (D:3)
  An iguana (D:4)
  Natasha (D:3)
  A worker ant (D:5)
  4 adders
  An ooze (D:1)
  A worm (D:2)
  2 dart slugs
  3 leopard geckos
  8 orcs
  4 giant cockroaches
  7 goblins
  2 hobgoblins
  10 kobolds
  A quokka (D:3)
  2 ball pythons
  A ball python skeleton (D:4)
  19 bats
  10 frilled lizards
  A quokka skeleton (D:5)
  10 rats
105 creatures vanquished.

Vanquished Creatures (others)
  3 jackals (D:4)
3 creatures vanquished.

Grand Total: 108 creatures vanquished

Notes
Turn   | Place    | Note
-------+----------+-------------------------------------------
     0 | D:1      | Lianjan the Deep Elf Fire Elementalist began the quest for the Orb.
     0 | D:1      | Reached XP level 1. HP: 10/10 MP: 6/6
   165 | D:1      | Reached XP level 2. HP: 16/16 MP: 2/8
   914 | D:1      | Reached XP level 3. HP: 20/20 MP: 7/10
   919 | D:1      | Learned a level 3 spell: Conjure Flame
   923 | D:1      | Learned a level 3 spell: Inner Flame
  1080 | D:2      | Reached skill level 1 in Fighting
  1747 | D:2      | Reached XP level 4. HP: 25/25 MP: 9/11
  2018 | D:3      | Noticed Natasha
  2023 | D:3      | Killed Natasha
  2023 | D:3      | Reached skill level 4 in Spellcasting
  2076 | D:3      | Noticed Terence
  2086 | D:3      | Killed Terence
  2447 | D:3      | Reached XP level 5. HP: 30/30 MP: 11/13
  2742 | D:3      | Noticed Jessica
  2750 | D:3      | Killed Jessica
  3191 | D:4      | Got a pair of polished boots
  3207 | D:4      | Identified the cursed +0 pair of boots of Satisfaction {rF+ Int+4} (You found it on level 4 of the Dungeon)
  3214 | D:4      | Noticed a slave
  3215 | D:4      | Found a staircase to the Ecumenical Temple.
  3215 | D:4      | Noticed a slave
  3215 | D:4      | Noticed a slave
  3215 | D:4      | Noticed a slave
  3216 | D:4      | Noticed Pikel
  3261 | D:3      | Killed a slave
  3424 | D:4      | Found Qeitsa's Antique Weapon Shop.
  3518 | D:3      | Killed a slave
  3598 | D:4      | Killed Pikel
  3598 | D:4      | Reached skill level 6 in Spellcasting
  3598 | D:4      | Reached skill level 5 in Fire Magic
  3598 | D:4      | Reached XP level 6. HP: 37/37 MP: 2/17
  3598 | D:4      | Reached XP level 7. HP: 41/41 MP: 2/18
  3874 | D:4      | Found Itycicyt's Antique Weapon Shoppe.
  3889 | Temple   | Entered the Ecumenical Temple
  3997 | Temple   | Became a worshipper of Vehumet
  4015 | D:4      | Learned a level 4 spell: Sticky Flame
  4021 | D:4      | Learned a level 5 spell: Fireball
  4126 | D:4      | Found Bizoplup's Book Emporium.
  4249 | D:4      | Found Utetzuc's Food Shop.
  4515 | D:4      | Got a brightly glowing mace
  4520 | D:4      | Found a runed door.
  4524 | D:4      | Noticed Crazy Yiuf
  4532 | D:4      | Killed Crazy Yiuf
  4709 | D:4      | Noticed Ijyb
  4993 | D:4      | Killed Ijyb
  4993 | D:4      | Reached skill level 7 in Spellcasting
  5135 | D:5      | Entered Level 5 of the Dungeon
  5170 | D:5      | Noticed a hippogriff
  5183 | D:5      | Killed a hippogriff
  5183 | D:5      | Reached skill level 5 in Conjurations
  5183 | D:5      | Reached XP level 8. HP: 42/48 MP: 9/21
  5890 | D:5      | Noticed Dowan
  5903 | D:5      | Killed Dowan
  6043 | D:5      | Noticed Duvessa
  6109 | D:5      | Slain by Duvessa

Vault maps used:
D:1:      minmay_arrival_up_and_down, minivault_25, minmay_pentomino_u4
D:2:      serial_park_tiny_1, hangedman_decor_lopped
D:3:      kennysheep_generic_room_12, uniq_natasha, uniq_jessica, uniq_terence
D:4:      minmay_temple_entry_glass, first_ration, serial_shops, shop, shop,
          shop, nicolae_shop_stone, uniq_pikel, uniq_ijyb,
          uniq_crazy_yiuf_cottage
D:5:      uniq_duvessa
Temple:   compressed_dpeg_circular_temple

Skill      XL: |  1  2  3  4  5  6  7 |
---------------+----------------------+-----
Conjurations   | 2 3 4 5 |  5.5
Fighting       | 1 3 4 |  4.4
Spellcasting   | 4 6 7 |  7.9
Fire Magic     | 5 |  5.1
Dodging        | |  2.4
Stealth        | |  2.4

Action                   |  1- 3 |  4- 6 |  7- 9 || total
-------------------------+-------+-------+-------++-------
Melee: Dagger            |    11 |    15 |       ||    26
       Blowgun           |       |       |     1 ||     1
 Fire: Blowgun           |       |       |    23 ||    23
Throw: Stone             |     1 |       |     1 ||     2
 Cast: Flame Tongue      |    80 |    81 |    57 ||   218
       Conjure Flame     |     1 |     2 |     4 ||     7
       Fireball          |       |       |     3 ||     3
       Sticky Flame      |       |       |     9 ||     9
Evoke: Wand              |       |       |     1 ||     1
  Use: Scroll            |       |     8 |     6 ||    14
       Potion            |       |       |     1 ||     1
  Eat: Chunk             |     3 |     5 |     3 ||    11
       Ration            |       |       |     2 ||     2
Armor: Robe              |     5 |       |    10 ||    15
       Leather armour    |    15 |     7 |       ||    22
Dodge: Dodged            |    36 |    27 |    29 ||    92

Table legend:
 A = Spawn XP
 B = Non-spawn XP
 C = Spawn XP percentage of total XP
 D = Spawn monster count
 E = Non-spawn monster count
 F = Spawn count percentage of total count
 G = Total turns spent on level
                    A         B        C        D         E        F      G
               +---------+---------+-------+---------+---------+-------+---------
         Total |       0 |    1839 |   0.0 |       0 |     103 |   0.0 |  6109
               +---------+---------+-------+---------+---------+-------+---------
           D:1 |       0 |      46 |   0.0 |       0 |      27 |   0.0 |  1039
           D:2 |       0 |      63 |   0.0 |       0 |      24 |   0.0 |   955
           D:3 |       0 |     163 |   0.0 |       0 |      24 |   0.0 |  1409
           D:4 |       0 |     988 |   0.0 |       0 |      18 |   0.0 |  1612
           D:5 |       0 |     579 |   0.0 |       0 |      10 |   0.0 |   974
               +---------+---------+-------+---------+---------+-------+---------
